 Dungeon Crawl Stone Soup version 0.21.1-1-g345015fe64 (webtiles) character file.

495 Gargoyl the Skirmisher (level 6, -5/53 HPs)
             Began as a Centaur Abyssal Knight on Feb 28, 2018.
             Was a Priest of Lugonu.
             Slain by Sigmund
             ... wielding a +0 scythe
              (9 damage)
             ... on level 5 of the Dungeon.
             The game lasted 00:07:18 (5143 turns).

Gargoyl the Skirmisher (Centaur Abyssal Knight)     Turns: 5143, Time: 00:07:18

Health: -5/53      AC:  7    Str: 14    XL:     6   Next: 92%
Magic:  8/8        EV:  8    Int: 11    God:    Lugonu [***...]
Gold:   195        SH:  0    Dex: 11    Spells: 5/5 levels left

rFire    . . .     SeeInvis .   a - +1 hand axe
rCold    . . .     Gourm    .   (no shield)
rNeg     . . .     Faith    .   j - +0 ring mail
rPois    .         Spirit   .   (no helmet)
rElec    .         Reflect  .   n - +0 cloak
rCorr    .         Harm     .   (no gloves)
MR       .....                  (no barding)
Stlth    ..........             (no amulet)
HPRegen  0.17/turn              (no ring)
MPRegen  0.11/turn              (no ring)

@: very quick
A: large, hooves 3, deformed body, speed 2, tough skin 3
a: Depart the Abyss, Bend Space, Banish, Renounce Religion


You were on level 5 of the Dungeon.
You worshipped Lugonu.
Lugonu was most pleased with you.
You were near starving.

You visited 1 branch of the dungeon, and saw 6 of its levels.
You visited the Abyss 1 time.

You collected 195 gold pieces.

Inventory:

Hand Weapons
 a - a +1 hand axe (weapon)
Armour
 j - a +0 ring mail (worn)
 n - a +0 cloak (worn)
Wands
 f - a wand of digging (24)
 l - a wand of polymorph (11)
Scrolls
 e - 2 scrolls of identify
 h - a scroll of amnesia
 k - a scroll of teleportation {unknown}
Potions
 m - a potion of haste
Comestibles
 c - 7 rations


   Skills:
 + Level 4.3 Fighting
 + Level 3.5 Axes
 * Level 3.4 Armour
 + Level 1.4 Dodging
 * Level 3.6 Invocations


You had 5 spell levels left.
You didn't know any spells.

Dungeon Overview and Level Annotations

Branches:
Dungeon (6/15)
 Temple: D:4-7

Altars:

Annotations:
D:4 Dommiel19's ghost, novice MfBe
D:5 Sigmund


Innate Abilities, Weirdness & Mutations

You have hooves in place of feet.
Armour fits poorly on your strangely shaped body.
You cover ground very quickly.
You have extremely tough skin. (AC +3)


Message History

You bump into the rock wall.
You feel less confused.
The jackal bites you but does no damage.
You hit the jackal.
You kill the jackal!
Lugonu accepts your kill.
You hear some strange, mumbled words.
A puff of flame appears from out of thin air!
The puff of flame hits you! Something hits you. Something hits you!
* * * LOW HITPOINT WARNING * * *
Something hits you but does no damage. Something hits you but does no damage.
You closely miss something. Something hits you!
* * * LOW HITPOINT WARNING * * *
Okay, then.
You barely miss something. You kick something. You miss something.
You kick something. Something hits you!
You die...

.........# #### .........# ...#
.........# ...# .........# ...#
.........# ...# ########..# ...#
#.........###### W..#
#..>....{#.....# ...#
#......@.#.....# .
...########......)+.....# ..
...#.....##.......#.....# ...
...#.....#........#.....#####....
...#.....'.<......#........).....
...#.....##########(.......).....
...#.....# ..........)......
...#.....# .................
.###.....# ..................


There were no monsters in sight!

Vanquished Creatures
  A sky beast (D:5)
  An orc priest (D:5)
  A centaur skeleton (D:4)
  Crazy Yiuf (D:3)
  Jessica (D:3)
  2 orc wizards
  Natasha (thrice) (D:2)
  A worker ant (D:4)
  4 adders
  A shadow imp (D:5)
  An ooze (D:3)
  2 worms
  4 dart slugs
  2 leopard geckos (D:3)
  9 orcs
  5 bats
  2 giant cockroaches
  7 goblins
  5 hobgoblins
  6 jackals
  4 quokkas
  2 frilled lizards
  11 kobolds
  9 rats
85 creatures vanquished.

Notes
Turn   | Place    | Note
-------+----------+-------------------------------------------
     0 | Abyss:1  | Gargoyl the Centaur Abyssal Knight began the quest for the Orb.
     0 | Abyss:1  | Reached XP level 1. HP: 19/19 MP: 2/2
    66 | Abyss:1  | Noticed a worldbinder
    69 | Abyss:1  | Noticed a manticore
    69 | Abyss:1  | Noticed a wind drake
    69 | Abyss:1  | Noticed a merfolk siren
    72 | D:1      | Escaped the Abyss
   418 | D:1      | Reached XP level 2. HP: 26/26 MP: 3/3
   535 | D:1      | Reached * piety under Lugonu
   866 | D:2      | Reached XP level 3. HP: 23/31 MP: 4/4
  1436 | D:2      | Noticed Natasha
  1443 | D:2      | Killed Natasha
  1443 | D:2      | Reached XP level 4. HP: 27/40 MP: 3/5
  1497 | D:2      | Noticed Natasha
  1506 | D:2      | Killed Natasha
  1506 | D:2      | Reached skill level 1 in Dodging
  2041 | D:2      | Noticed Natasha
  2050 | D:2      | Killed Natasha
  2050 | D:2      | Reached skill level 4 in Fighting
  2124 | D:3      | Reached ** piety under Lugonu
  2193 | D:3      | Reached XP level 5. HP: 23/46 MP: 4/7
  2795 | D:3      | Noticed Jessica
  2804 | D:3      | Killed Jessica
  3056 | D:3      | Found a runed door.
  3060 | D:3      | Noticed Crazy Yiuf
  3072 | D:3      | Killed Crazy Yiuf
  3270 | D:4      | Noticed Dommiel19's ghost (novice MfBe)
  3550 | D:4      | Reached XP level 6. HP: 41/52 MP: 8/8
  4046 | D:5      | Entered Level 5 of the Dungeon
  4361 | D:5      | Got ichor-stained ice dragon scales
  4372 | D:5      | Identified the cursed +1 ice dragon scales "Vokhuon" {rF- rC++ Int+2} (You found it on level 5 of the Dungeon)
  4485 | D:5      | Noticed a sky beast
  4498 | D:5      | Killed a sky beast
  4756 | D:5      | Noticed Sigmund
  4784 | D:5      | HP: 2/53 [orc wizard/magic dart (7)]
  5098 | D:6      | Reached *** piety under Lugonu
  5143 | D:5      | Slain by Sigmund

Skill      XL: |  1  2  3  4  5  6 |
---------------+-------------------+-----
Axes           | 2 3 |  3.5
Armour         | 2 3 |  3.4
Dodging        | 1 |  1.4
Fighting       | 4 |  4.3
Invocations    | 3 |  3.6

Action                   |  1- 3 |  4- 6 || total
-------------------------+-------+-------++-------
Melee: Hand axe          |    84 |   214 ||   298
       Kick              |    14 |    43 ||    57
       Unarmed           |       |     5 ||     5
Invok: Depart the Abyss  |     1 |       ||     1
Evoke: Wand              |       |     2 ||     2
  Use: Scroll            |     1 |     5 ||     6
       Potion            |       |     2 ||     2
  Eat: Chunk             |     1 |     6 ||     7
       Ration            |       |     1 ||     1
Armor: Leather armour    |    30 |    28 ||    58
       Ring mail         |       |    84 ||    84
       Skin              |       |    19 ||    19
Dodge: Dodged            |    35 |    97 ||   132
